 Dungeon Crawl Stone Soup version 0.20.1-1-g8b1a95d (webtiles) character file.

228 letownia2 the Grave Robber (level 5, 12/42 HPs)
             Began as a Deep Dwarf Necromancer on Dec 19, 2017.
             Quit the game in the Ecumenical Temple.
             The game lasted 00:06:13 (2132 turns).

letownia2 the Grave Robber (Deep Dwarf Necromancer) Turns: 2132, Time: 00:06:14

Health: 12/42      AC:  5    Str: 12    XL:     5   Next: 70%
Magic:  8/8        EV: 11    Int: 16    God:
Gold:   86         SH:  0    Dex: 13    Spells: 4/8 levels left

rFire    . . .     SeeInvis .   a - +0 dagger
rCold    . . .     Gourm    .   (no shield)
rNeg     . . .     Faith    .   e - +0 ring mail
rPois    .         Spirit   .   (no helmet)
rElec    .         Reflect  .   (no cloak)
rCorr    .         Harm     .   (no gloves)
MR       .....                  (no boots)
Stlth    +.........             (no amulet)
Regen    0.0/turn               (no ring)
MPRegen  0.2/turn               (no ring)

@: non-regenerating
A: damage resistance, heal wounds, sense surroundings 1, no regeneration
a: Heal Wounds


You were in the Ecumenical Temple.
You were hungry.

You visited 2 branches of the dungeon, and saw 6 of its levels.

You collected 86 gold pieces.

Inventory:

Hand Weapons
 a - a +0 dagger (weapon)
 g - a +0 hand axe
Missiles
 j - 5 tomahawks (quivered)
Armour
 d - a +0 robe
 e - a +0 ring mail (worn)
Scrolls
 f - a scroll of magic mapping {unknown}
 i - 3 scrolls of identify {unknown}
Potions
 h - 2 potions of ambrosia {unknown}
 k - a potion of agility {unknown}
Books
 b - a book of Necromancy

   Spells                             Type                      Level
   a - Pain                           Necromancy                   1
   b - Animate Skeleton               Necromancy                   1
   c - Vampiric Draining              Necromancy                   3
   d - Regeneration                   Charms/Necromancy            3
   e - Animate Dead                   Necromancy                   4
   f - Control Undead                 Necromancy                   4
Comestibles
 c - a bread ration


   Skills:
 - Level 2.1 Dodging
 - Level 2.4 Stealth
 + Level 2.1 Spellcasting
 - Level 7.5 Necromancy


You had 4 spell levels left.
You knew the following spells:

 Your Spells              Type           Power        Failure   Level  Hunger
a - Pain                  Necr           ####         1%          1    #......
v - Vampiric Draining     Necr           ####......   6%          3    ###....


Dungeon Overview and Level Annotations

Branches:
Dungeon (5/15)             Temple (1/1) D:5

Altars:
Cheibriados
Dithmenos
Elyvilon
Fedhas
Hepliaklqana
Makhleb
Nemelex Xobeh
Qazlal
Ru
Sif Muna
Uskayaw
Vehumet
Xom
Yredelemnul
Zin
The Shining One

Annotations:
D:2 Natasha
D:5 letownia2's ghost, weakling DDNe


Innate Abilities, Weirdness & Mutations

You are resistant to damage.
You can heal yourself by infusing magical energy.
You passively map a small area around you.
You do not regenerate.


Message History

Okay, then.
Found a shimmering altar of Xom and a white marble altar of Elyvilon.
Found a sacrificial altar of Ru.
Found a glowing silver altar of Zin and a radiant altar of Vehumet.
Found a basalt altar of Yredelemnul.
There is a sacrificial altar of Ru here.
There is a staircase back to the Dungeon here.
Found a snail-covered altar of Cheibriados and a blossoming altar of Fedhas.
Found a glowing golden altar of the Shining One.
Found a sparkling altar of Nemelex Xobeh and a hide-covered altar of Uskayaw.
Found a deep blue altar of Sif Muna.
There is a glowing golden altar of the Shining One here.
There is a deep blue altar of Sif Muna here.
Are you sure you want to abandon this character and quit the game? (Confirm with "yes".)
Okay, then.
You aren't carrying any pieces of jewellery.
Unknown command.
Press < or > to pray at altars.
Okay, then.
Are you sure you want to abandon this character and quit the game? (Confirm with "yes".)

≈≈
#≈≈≈≈≈≈≈≈≈≈≈≈..........
#≈≈≈≈≈≈≈≈..............
#≈≈≈≈≈.................
#≈≈≈......_............
#≈≈≈............._.....
#≈≈....................
#≈≈....................
#≈≈...@......_.........
#≈≈....................
#≈≈....................
#≈≈≈............._.....
#≈≈≈......_............
#≈≈≈≈≈.................
#≈≈≈≈≈≈≈≈..............
#≈≈≈≈≈≈≈≈≈≈≈≈..........
≈ ≈≈ ≈≈≈≈≈


There were no monsters in sight!

Vanquished Creatures
  A scorpion (D:5)
  An orc priest (D:4)
  An orc wizard (D:4)
  2 worker ants
  5 adders
  An adder zombie (D:5)
  2 leopard geckos
  7 orcs
  2 giant cockroaches (D:4)
  2 hobgoblins (D:2)
  A bat (D:2)
  2 goblins
  2 quokka zombies
  3 rats (D:2)
32 creatures vanquished.

Notes
Turn   | Place    | Note
-------+----------+-------------------------------------------
     0 | D:1      | letownia2 the Deep Dwarf Necromancer began the quest for the Orb.
     0 | D:1      | Reached XP level 1. HP: 15/15 MP: 3/3
   161 | D:2      | Found a hazy altar of Hepliaklqana.
   292 | D:2      | Reached XP level 2. HP: 22/22 MP: 1/5
   369 | D:2      | Noticed Natasha
   417 | D:2      | Reached skill level 5 in Necromancy
   525 | D:3      | Reached XP level 3. HP: 22/28 MP: 2/6
   530 | D:3      | Learned a level 3 spell: Vampiric Draining
   734 | D:4      | Reached XP level 4. HP: 29/36 MP: 2/7
   822 | D:4      | Reached skill level 6 in Necromancy
   872 | D:4      | Found a stormy altar of Qazlal.
  1057 | D:4      | Found a white marble altar of Elyvilon.
  1426 | D:4      | Reached XP level 5. HP: 30/42 MP: 1/8
  1519 | D:4      | Found a shadowy altar of Dithmenos.
  1636 | D:5      | Entered Level 5 of the Dungeon
  1681 | D:5      | Noticed letownia2's ghost (weakling DDNe)
  1891 | D:5      | Reached skill level 7 in Necromancy
  2072 | D:5      | Found a staircase to the Ecumenical Temple.
  2080 | Temple   | Entered the Ecumenical Temple
  2132 | Temple   | Quit the game

Skill      XL: |  1  2  3  4  5 |
---------------+----------------+-----
Spellcasting   | 2 |  2.1
Necromancy     | 5 6 7 |  7.5
Dodging        | |  2.1
Stealth        | |  2.4

Action                   |  1- 3 |  4- 6 || total
-------------------------+-------+-------++-------
Melee: Dagger            |       |    37 ||    37
 Cast: Pain              |    38 |    25 ||    63
       Vampiric Draining |       |     8 ||     8
  Eat: Chunk             |       |     5 ||     5
Armor: Robe              |     2 |       ||     2
       Ring mail         |     1 |    51 ||    52
Dodge: Dodged            |     4 |    70 ||    74
